TKirby, lawful male human Monk ------------------------ |.................^^^%.| |..-------------------.| ----.| ----- |.| |..|.-- --...| |.| |.....|--|...@| |.| |....`|..|f.`m| |.| --....|.....`-- |.| |.......|...| ------|.| |....|).|...| --|.....|.| |...`---|...| |.+.....|.| |.......|..-- |-|.....|.| ----.`..|.-- |.+.....+.| ---.--.| |-|.....|-- |.....| |.+.....| |>.|..| --|.....| ------- ------- TKirby the Initiate Experience level: 6 Strength: 18/02 Dexterity: 15 Constitution: 14 Intelligence: 8 Wisdom: 14 Charisma: 8 Health: 0(46) Energy: 34(39) Def: 6 Gold: 1341 Moves: 5177 Dungeon seed: m-tbtICGAjenw3-- Game ID: TKirby_1505150946 Your Inventory: Coins $ - 1341 gold pieces Amulets B - a cursed amulet of strangulation Weapons k - a +1 long sword (alternate weapon; not wielded) D - 10 +0 darts Armor e - a blessed +2 pair of leather gloves (being worn) n - an uncursed +1 robe (being worn) Comestibles f - 3 uncursed food rations g - 5 uncursed apples h - 5 uncursed oranges i - 4 uncursed fortune cookies l - an uncursed candy bar Scrolls b - 2 uncursed scrolls of teleportation z - a cursed scroll of identify M - a cursed scroll of create monster O - an uncursed scroll of confuse monster T - 2 uncursed scrolls of earth Spellbooks a - a blessed spellbook of healing m - an uncursed spellbook of light s - an uncursed spellbook of sleep v - an uncursed spellbook of detect food Potions c - an uncursed potion of healing d - a blessed potion of healing r - an uncursed potion of hallucination x - a potion of unholy water A - a cursed potion of full healing G - an uncursed potion of object detection K - a blessed potion of extra healing Rings o - an uncursed +0 ring of adornment w - a cursed -4 ring of gain constitution H - a cursed ring of teleportation S - a cursed -1 ring of gain constitution V - a cursed ring of polymorph X - an uncursed ring of shock resistance Wands p - a wand of sleep (0:6) t - a wand of digging (0:8) C - a wand of light (0:14) F - a wand of secret door detection (0:14) L - a wand of secret door detection (0:13) U - a wand of teleportation (0:5) Tools j - a magic marker (0:61) J - an uncursed tin whistle Gems q - an uncursed aquamarine stone y - 2 uncursed worthless pieces of blue glass N - 2 uncursed worthless pieces of white glass P - 2 uncursed worthless pieces of orange glass Y - an uncursed worthless piece of yellowish brown glass Z - 8 uncursed rocks Spells and supernatural/magical abilities: Name Level Category Fail Memory h - healing 1 healing 0% 75% l - light 1 divination 0% 75% z - sleep 1 enchantment 0% 78% E - detect food 2 divination 37% 80% W - pray for help -- divine ? -- Your skills at the end: Fighting Skills martial arts [Skilled] Weapon Skills Spellcasting Skills healing spells [Basic] Final Attributes: You were piously aligned. You were sleep resistant. You were poison resistant. You saw invisible. You were stealthy. You were held by a giant mimic. You were fast. You are dead. Vanquished creatures: a ghost a housecat a water nymph a rock mole a fog cloud a shrieker a gnomish wizard a kobold mummy a golden naga hatchling 2 straw golems a baby crocodile a little dog a kitten a dwarf a homunculus 6 rothes 3 rabid rats a centipede 2 giant bats 2 orc zombies a wererat 2 werejackals 3 iguanas 2 acid blobs a coyote a hobbit 8 manes a cave spider 2 yellow molds a green mold 4 red molds 6 gnomes 10 garter snakes a gnome zombie 5 geckos 12 jackals a kobold 6 goblins 2 sewer rats 2 grid bugs 5 bats 2 lichens 4 newts 112 creatures vanquished. Voluntary challenges: You were vegetarian. You never hit with a wielded weapon. You read items or engraved 7 times, starting on turn 151. You never genocided any monsters. You never polymorphed an object. You never changed form. You used no wishes. You never split a pudding. You never wrote Elbereth's name. You violated your moral code, losing 13 points of alignment, starting on turn 3428. Dungeon overview: The Dungeons of Doom: levels 1 to 6 Level 1 an altar to Huan Ti a long staircase Level 2 a fountain a long staircase Level 3 Level 4 Level 5 some fountains Level 6 stairs to Sokoban Sokoban: levels 2 to 5 Level 2 <- You were here Level 3 Level 4 Level 5 stairs to The Dungeons of Doom History has recorded: On T:1 you entered the Dungeons of Doom to retrieve the Amulet of Yendor! On T:372 you reached level 2 of The Dungeons of Doom. On T:605 you advanced to experience level 2. On T:746 you reached level 3 of The Dungeons of Doom. On T:1056 you advanced to experience level 3. On T:1184 you reached level 4 of The Dungeons of Doom. On T:1360 you advanced to experience level 4. On T:1469 you reached level 5 of The Dungeons of Doom. On T:1651 you advanced to experience level 5. On T:1793 you reached level 6 of The Dungeons of Doom. On T:2251 you reached level 4 of Sokoban. On T:2740 you reached level 3 of Sokoban. On T:3691 you advanced to experience level 6. On T:4055 you reached level 2 of Sokoban. On T:4486 you reached level 1 of Sokoban. Score breakdown: Gold: 1341 (10639 points) Experience: 6 levels (12456 points) Exploration: 6 levels ( 12.00%) ( 9583 points) Discoveries: 4 items ( 1.43%) ( 3585 points) Valuables value: (no points given unless you survive) Artifact value: 0 ( 0 points) Variety of kills: 43 monsters ( 11.29%) (10078 points) Turncount: 5177 turns (-1406 points) Survival: died (score multiplied by 80%) Total score: 35948 Latest messages: You see here a candy bar. (2x) l - a candy bar. You try to move the boulder, but in vain. Oof! You walk into something hard. You try to move the boulder, but in vain. Oof! You walk into something hard. Wait! That's a giant mimic! You cannot escape from the giant mimic! You hit the giant mimic! The giant mimic hits! (2x) You cannot escape from the giant mimic! You begin praying to Shan Lai Ching. You are surrounded by a shimmering light. You feel that Shan Lai Ching is well-pleased. You feel in good health again. You feel better. The giant mimic hits! (2x) You die... Final status: Goodbye TKirby the Monk, killed by a giant mimic... You died in Sokoban on dungeon level 2 with 35948 points, and 1341 pieces of gold, after 5177 moves. You were level 6 with a maximum of 46 hit points when you died.